 Dungeon Crawl Stone Soup version 0.29.1-15-g9cfb28693d (webtiles) character file.

Game seed: 4413184937835731454

46 MacCMillion the Shield-Bearer (level 3, -5/19 HPs)
             Began as a Vine Stalker Fighter on Feb 27, 2023.
             Killed from afar by Natasha (8 damage)
             ... with a puff of flame
             ... on level 2 of the Dungeon.
             The game lasted 00:02:01 (1238 turns).

MacCMillion the Shield-Bearer (VSFi)                Turns: 1238, Time: 00:02:02

Health: -5/19      AC:  7    Str: 18    XL:     3   Next: 66%
Magic:  0/4        EV:  9    Int:  8    God:
Gold:   24         SH:  5    Dex: 15    Spells: 2/2 levels left

rFire   . . .      SeeInvis .   a - +0 rapier
rCold   . . .      Faith    .   c - +0 buckler
rNeg    . . .      Spirit   +   b - +0 scale mail
rPois   .          Reflect  .   (no helmet)
rElec   .          Harm     .   h - +0 cloak
rCorr   .          Rampage  .   (no gloves)
Will    .....                   (no boots)
Stlth   ..........              (no amulet)
HPRegen 0.06/turn               (no ring)
MPRegen 0.09/turn               (no ring)

@: no status effects
A: fangs 2, magic shield, antimagic bite, no potion heal 2
a: no special abilities


You were on level 2 of the Dungeon.
You visited 1 branch of the dungeon, and saw 2 of its levels.

You collected 24 gold pieces.

Inventory:

Hand Weapons
 a - a +0 rapier (weapon)
 e - a +0 dagger of flaming
Missiles
 g - 6 poisoned darts (quivered)
Armour
 b - a +0 scale mail (worn)
 c - a +0 buckler (worn)
 h - a +0 cloak (worn)
Scrolls
 j - a scroll of identify {unknown}
 k - a scroll of blinking {unknown}
Potions
 d - a potion of might
 f - 2 potions of flight {unknown}
 i - a potion of lignification {unknown}
 l - a potion of curing {unknown}


   Skills:
 - Level 2.7 Fighting
 + Level 2.7 Short Blades
 - Level 2.4 Armour
 + Level 3.4 Shields


You had 2 spell levels left.
You didn't know any spells.
Your spell library was empty.

Dungeon Overview and Level Annotations

Branches:
Dungeon (2/15)

Altars:

Annotations:
D:2 Jessica, Natasha


Innate Abilities, Weirdness & Mutations

You have extremely sharp teeth.
When hurt, damage is shared between your health and your magic reserves.
Your bite disrupts and absorbs the magic of your enemies.
Potions cannot restore your health.


Message History

The adder is almost dead.
You feel sick. The adder barely misses you.
You hit the adder.
You kill the adder!
You feel sick.
You feel sick.
You are no longer poisoned.
You see here an adder corpse.
You start resting.
Magic restored.
You start resting.
HP restored.
Jessica the Apprentice Sorceress comes into view.
She is wielding a +0 club.
Jessica gestures wildly while chanting.
Jessica blinks!
Jessica moves out of view.
Jessica and Natasha come into view.
Natasha is carrying a wand of flame (15).
Found a stone staircase leading down.
Natasha hisses angrily.
Natasha zaps a wand.
The puff of flame hits you.
Natasha zaps a wand.
The puff of flame hits you.
You see here an adder corpse.
Jessica points at you and mumbles some strange words.
Pain shoots through your body!
Natasha casts a spell.
Natasha stares at you and mumbles some strange words.
You resist with some effort.
Unknown command.
You see here a rat skeleton.
Natasha zaps a wand.
You block the puff of flame.
Jessica is nearby!
Jessica is nearby!
Jessica casts a spell.
Jessica blinks!
Natasha wildly gestures.
Natasha's front paws start to glow.
Natasha zaps a wand.
The puff of flame hits you!
* * * LOW HITPOINT WARNING * * *
Natasha zaps a wand.
The puff of flame hits you!
You die...

#.# ##...##
#.# ###..#
#.#
#..###### ##
#h#
#.......# ..
#.#
##.####.# ..
#.#
#รท####.##
.. #.#
#.......# ..
#.######
###....h##..
####.#..@.#
#.........
#....#.##.#
#......#..
#.####.##.#
#......#.#
#.# #.<#.#
#......#@#
#.#######h#
#........>
#.....h...#
##########
###########


You could see Natasha.

Vanquished Creatures
  An adder (D:2)
  A dart slug (D:1)
  6 ball pythons (D:1)
  2 endoplasms (D:1)
  3 giant cockroaches (D:1)
  4 goblins
  A hobgoblin (D:1)
  2 jackals (D:2)
  3 quokkas
  3 bats (D:1)
  3 frilled lizards
  2 kobolds (D:1)
  A rat (D:2)
32 creatures vanquished.

Notes
Turn   | Place    | Note
-------+----------+-------------------------------------------
     0 | D:1      | MacCMillion the Vine Stalker Fighter began the quest for
                  | the Orb.
     0 | D:1      | Reached XP level 1. HP: 11/11 MP: 2/2
   194 | D:1      | Reached skill level 3 in Shields
   194 | D:1      | Reached XP level 2. HP: 16/16 MP: 3/3
   275 | D:1      | Found a faded altar of an unknown god.
   638 | D:1      | Reached XP level 3. HP: 18/19 MP: 4/4
  1179 | D:2      | Noticed Jessica
  1180 | D:2      | Noticed Natasha
  1238 | D:2      | Killed from afar by Natasha

Illustrated notes

Levels and vault maps discovered:
D:1:      dpeg_arrival_simpleton_c, layout_basic,
          nicolae_ecumenical_snake_handling
D:2:      layout_basic, uniq_jessica, uniq_natasha

Skill      XL: |  1 |
---------------+----+-----
Short Blades   | 2 |  2.7
Shields        | 3 |  3.4
Fighting       | |  2.7
Armour         | |  2.4

Action                   || total
-------------------------++-------
Melee: Rapier            ||    88
       Bite              ||    18
Armor: Scale mail        ||    36
Dodge: Dodged            ||    36
Block: Buckler           ||    16
